 Dungeon Crawl Stone Soup version 0.26.0-5-gb5863c6483 (webtiles) character file.

Game seed: 13457136007209110853

114 Alakolaz the Covered (level 4, 0/40 HPs)
             Began as a Minotaur Fighter on Jan 10, 2021.
             Killed from afar by an orc wizard (7 damage)
             ... with a magic dart
             ... on level 2 of the Dungeon.
             The game lasted 00:04:54 (2279 turns).

Alakolaz the Covered (Minotaur Fighter)             Turns: 2279, Time: 00:04:54

Health: 0/40       AC:  8    Str: 22    XL:     4   Next: 67%
Magic:  3/3        EV:  8    Int:  5    God:
Gold:   76         SH:  9    Dex:  9    Spells: 3/3 levels left

rFire    . . .     SeeInvis .   a - +0 war axe
rCold    . . .     Faith    .   c - +0 kite shield
rNeg     . . .     Spirit   .   b - +0 scale mail
rPois    .         Reflect  .   (helmet restricted)
rElec    .         Harm     .   (no cloak)
rCorr    .         Rampage  .   k - +0 pair of gloves
Will     .....                  (no boots)
Stlth    ..........             (no amulet)
HPRegen  0.13/turn              (no ring)
MPRegen  0.08/turn              (no ring)

@: no status effects
A: retaliatory headbutt, horns 2
a: no special abilities


You were on level 2 of the Dungeon.
You visited 1 branch of the dungeon, and saw 3 of its levels.

You collected 76 gold pieces.

Inventory:

Hand Weapons
 a - a +0 war axe (weapon)
Armour
 b - a +0 scale mail (worn)
 c - a +0 kite shield (worn)
 k - a +0 pair of gloves (worn)
Scrolls
 e - 2 scrolls of identify {unknown}
 h - a scroll of teleportation {unknown}
 l - a scroll of immolation {unknown}
Potions
 d - 2 potions of might
 f - a potion of curing {unknown}
 g - a potion of haste {unknown}
 i - a potion of lignification {unknown}
 j - a potion of flight {unknown}


   Skills:
 + Level 4.2 Fighting
 * Level 4.0 Axes
 + Level 4.3 Armour
 + Level 1.7 Dodging
 + Level 4.2 Shields


You had 3 spell levels left.
You didn't know any spells.
Your spell library was empty.

Dungeon Overview and Level Annotations

Branches:
Dungeon (3/15)

Altars:
Uskayaw


Innate Abilities, Weirdness & Mutations

You reflexively headbutt those who attack you in melee.
You have a pair of horns on your head.


Message History

You slash the orc wizard!
You kill the orc wizard!
You miss something. Something hits you but does no damage.
Your Axes skill increases to level 4!
Things that are here:
a +0 dagger; a +0 robe; an orc corpse You miss something.
Your headbutt misses something. Something hits you.
You miss something. You headbutt something. Something hits you.
Something hits you but does no damage.
You closely miss something. Something hits you.
* * * LOW HITPOINT WARNING * * *
You barely miss something. You headbutt something.
You block something's attack. Something hits you.
* * * LOW HITPOINT WARNING * * *
You closely miss something. Something hits you but does no damage.
You closely miss something. You headbutt something.
You hear some strange, mumbled words.
A magic dart appears from out of thin air!
The magic dart hits you!
You die...

##...##......#
######.#..####
#.#.....#######
#.............#
#.#.###.#####.# #
#.#.# #.# #.# #
#.#.# #.# #.# ##
#.#.###.#####.###.
#@#.......(..((.(.
#{##########..####
#.# #..#
#.##########..#
#.............####
######.#####.#....
#.# #.#.### #<#
#.#.# #.# #.#.###


There were no monsters in sight!

Vanquished Creatures
  An orc wizard (D:2)
  4 adders
  An orc (D:2)
  A ball python (D:2)
  7 bats
  A giant cockroach (D:1)
  10 goblins
  5 hobgoblins
  2 jackals (D:1)
  6 kobolds
  A quokka (D:2)
  2 frilled lizards (D:2)
  5 rats
46 creatures vanquished.

Notes
Turn   | Place    | Note
-------+----------+-------------------------------------------
     0 | D:1      | Alakolaz the Minotaur Fighter began the quest for the Orb.
     0 | D:1      | Reached XP level 1. HP: 19/19 MP: 0/0
   105 | D:1      | Reached XP level 2. HP: 27/27 MP: 1/1
   746 | D:2      | Reached skill level 1 in Dodging
   746 | D:2      | Reached XP level 3. HP: 15/33 MP: 2/2
  1455 | D:2      | You fall into a shaft and drop 1 floor!
  1464 | D:3      | Found a hide-covered altar of Uskayaw.
  2170 | D:3      | Reached XP level 4. HP: 40/40 MP: 3/3
  2279 | D:2      | Killed from afar by an orc wizard

Illustrated notes

Levels and vault maps discovered:
D:1:      dpeg_arrival_oval, layout_basic
D:2:      layout_loops_ring, grunt_decor_arrowhead
D:3:      layout_basic, dancing_weapons_uskayaw, grunt_gozag_statues,
          chequers_serial_rivers_room_a

Skill      XL: |  1  2  3  4 |
---------------+-------------+-----
Axes           | 3 4 |  4.0
Dodging        | 1 |  1.7
Fighting       | 4 |  4.2
Armour         | 4 |  4.3
Shields        | 4 |  4.2

Action                   |  1- 3 |  4- 6 || total
-------------------------+-------+-------++-------
Melee: War axe           |    96 |    20 ||   116
       Headbutt          |    11 |     5 ||    16
Armor: Scale mail        |    48 |    11 ||    59
Dodge: Dodged            |    35 |     8 ||    43
Block: Kite shield       |    56 |     9 ||    65
